 Dungeon Crawl Stone Soup version 0.18-a0-1343-g48c8f86 (webtiles) character file.

1139 M4edhros the Martial Artist (level 8, -1/58 HPs)
             Began as a Mummy Monk on Feb 16, 2016.
             Slain by a river rat (7 damage)
             ... summoned by Eustachio
             ... on level 6 of the Dungeon.
             The game lasted 00:09:24 (6906 turns).

M4edhros the Martial Artist (Mummy Monk)            Turns: 6906, Time: 00:09:25

Health: -1/58      AC:  5    Str: 14    XL:     8   Next: 14%
Magic:  8/8        EV: 13    Int:  9    God:
Gold:   83         SH:  0    Dex: 17    Spells: 0 memorised, 7 levels left

rFire  . . .     SeeInvis .       - Unarmed
rCold  . . .     Gourm    .     (no armour)
rNeg   + + +     Faith    .     (no shield)
rPois  ∞         Spirit   .     i - +0 helmet
rElec  .         Dismiss  .     (no cloak)
rCorr  .         Reflect  .     g - +2 pair of gloves
SustAt .         Harm     .     (no boots)
MR     +....                    (no amulet)
Stlth  ++........               m - +1 ring of protection
                                f - ring of fire

@: somewhat resistant to hostile enchantments, unstealthy
A: no food or potions, fire vulnerability, cold resistance 1, negative energy
resistance 3, torment resistance, unbreathing
a: no special abilities


You were on level 6 of the Dungeon.
You were not hungry.

You visited 1 branch of the dungeon, and saw 6 of its levels.

You collected 186 gold pieces.
You spent 103 gold pieces at shops.

Inventory:

Armour
 g - a +2 pair of gloves (worn)
 i - a +0 helmet (worn)
Jewellery
 c - an uncursed ring of see invisible
 e - an uncursed ring of teleportation
 f - a ring of fire (left hand)
 m - a +1 ring of protection (right hand)
Wands
 l - a wand of random effects (24/48)
Scrolls
 a - 2 scrolls of enchant weapon
 b - 3 scrolls of noise
 h - 2 scrolls of magic mapping
 j - 2 scrolls of identify
 k - a scroll of remove curse
 n - a scroll of fog


   Skills:
 - Level 3.0 Fighting
 - Level 2.4 Dodging
 - Level 1.5 Stealth
 + Level 8.8 Unarmed Combat


You had 7 spell levels left.
You didn't know any spells.

Dungeon Overview and Level Annotations

Branches:
Dungeon (6/15)             Temple (0/1) D:4

Altars:
Ashenzari
Sif Muna
Trog
Vehumet

Shops:
D:4 [

Annotations:
D:6 Dowan, Duvessa, Eustachio


Innate Abilities, Weirdness & Mutations

You do not eat or drink.
Your flesh is vulnerable to fire.
You are immune to poison.
Your flesh is cold resistant.
You are immune to negative energy.
You are immune to unholy pain and torment.
You can survive without breathing.


Message History

The ufetubus hits you but does no damage.
Eustachio gestures wildly while chanting.
Eustachio blinks!
The ufetubus closely misses you. The ufetubus hits you.
* * * LOW HITPOINT WARNING * * *
The shadow imp disappears in a puff of smoke!
The ufetubus barely misses you.
The ufetubus hits you but does no damage.
The ufetubus hits you but does no damage.
The ufetubus completely misses you.
The ufetubus disappears in a puff of smoke!
You start resting.
You punch the river rat!
The river rat is severely wounded.
The river rat bites you!
* * * LOW HITPOINT WARNING * * *
You barely miss the river rat.
The river rat is severely wounded.
The river rat bites you!
You die...

#. .. .# ##.# ....... #..
.......# #.# .......# ##.#
.......# ####r.## .......#
###...#@.##
.......###...§###..##
..........[...# ##..##
..............# ##..##
.....†.#.....@# ####..######
......##.....r###..........#
.....( #.........r........##
###..# ##....#............#
#.. #....#............#


You could see a river rat.

Vanquished Creatures
  Menkaure (D:5)
  A sky beast (D:5)
  2 phantoms (D:4)
  2 ogres
  A giant frog (D:6)
  A giant frog skeleton (D:5)
  2 hounds
  3 orc wizards
  An orc priest (D:5)
  5 worker ants
  A hound skeleton (D:5)
  4 gnolls (D:3)
  8 adders
  5 giant geckos
  10 orcs
  6 giant cockroaches
  8 goblins
  6 hobgoblins
  3 jackals (D:4)
  3 quokkas
  2 ball pythons
  4 bats
  A giant gecko skeleton (D:5)
  4 giant newts
  5 kobolds
  13 rats
102 creatures vanquished.

Notes
Turn   | Place    | Note
--------------------------------------------------------------
     0 | D:1      | M4edhros the Mummy Monk began the quest for the Orb.
     0 | D:1      | Reached XP level 1. HP: 18/18 MP: 1/1
   177 | D:1      | Reached XP level 2. HP: 8/24 MP: 2/2
   879 | D:2      | Found a shattered altar of Ashenzari.
   892 | D:2      | Reached skill level 4 in Unarmed Combat
   892 | D:2      | Reached XP level 3. HP: 9/29 MP: 3/3
  2191 | D:2      | Reached XP level 4. HP: 14/35 MP: 4/4
  3332 | D:3      | Reached skill level 5 in Unarmed Combat
  3718 | D:3      | Found a bloodstained altar of Trog.
  3719 | D:3      | Found a radiant altar of Vehumet.
  3947 | D:3      | Noticed an ogre
  4014 | D:4      | Reached XP level 5. HP: 24/41 MP: 5/5
  4148 | D:4      | Found Saeblerch's Antique Armour Boutique.
  4156 | D:4      | Bought a helmet for 103 gold pieces
  4302 | D:4      | Reached skill level 6 in Unarmed Combat
  4583 | D:4      | Noticed an ogre
  4595 | D:4      | Killed an ogre
  4595 | D:4      | Reached XP level 6. HP: 32/47 MP: 6/6
  5239 | D:4      | Found a staircase to the Ecumenical Temple.
  5258 | D:4      | Reached skill level 7 in Unarmed Combat
  5258 | D:4      | Reached XP level 7. HP: 24/52 MP: 7/7
  5471 | D:5      | Entered Level 5 of the Dungeon
  6005 | D:5      | Reached skill level 8 in Unarmed Combat
  6330 | D:5      | Found a deep blue altar of Sif Muna.
  6348 | D:5      | Noticed Menkaure
  6352 | D:5      | Killed Menkaure
  6352 | D:5      | Reached XP level 8. HP: 52/58 MP: 8/8
  6765 | D:6      | Noticed Duvessa
  6765 | D:6      | Noticed Dowan
  6834 | D:6      | Noticed Eustachio
  6906 | D:6      | Slain by a river rat

Vault maps used:
D:1:      dpeg_arrival_ratfight, minmay_close_crescents
D:2:      ashenzari_altar_1
D:3:      gammafunk_temple_overflow_statue, first_bread
D:4:      temple_fountains, serial_shops, shop
D:5:      lemuel_doored_altar, hangedman_decor_points, uniq_menkaure
D:6:      johnstein_pakellas_dig, uniq_prince_ribbit1, uniq_duvessa,
          uniq_eustachio

Action                   |  1- 3 |  4- 6 |  7- 9 || total
-------------------------+-------+-------+-------++-------
Melee: Unarmed           |   139 |   194 |   156 ||   489
  Use: Scroll            |     6 |       |     4 ||    10
 Stab: Sleeping          |     7 |     3 |     3 ||    13
       Distracted        |     1 |       |     1 ||     2
